 Dungeon Crawl Stone Soup version 0.25-a0-504-g768f60da87 (webtiles) character file.

Game seed: 8335055519918862313, levelgen mode: deterministic

179 BeastOfSaturn the Grave Robber (level 5, -1/37 HPs)
             Began as a Demonspawn Necromancer on Feb 14, 2020.
             Killed from afar by Natasha (6 damage)
             ... with a magic dart
             ... on level 3 of the Dungeon.
             The game lasted 00:13:35 (3286 turns).

BeastOfSaturn the Grave Robber (DsNe)               Turns: 3286, Time: 00:13:36

Health: -1/37      AC:  8    Str: 10    XL:     5   Next: 32%
Magic:  7/9        EV:  7    Int: 16    God:
Gold:   98         SH:  6    Dex: 13    Spells: 5/9 levels left

rFire    . . .     SeeInvis .   t - +0 spear
rCold    . . .     Gourm    .   s - +0 kite shield
rNeg     . . .     Faith    .   i - +0 ring mail
rPois    .         Spirit   .   g - +0 helmet
rElec    .         Reflect  .   (no cloak)
rCorr    .         Harm     .   (no gloves)
MR       .....                  (no boots)
Stlth    ++........             (no amulet)
HPRegen  0.12/turn              (no ring)
MPRegen  0.11/turn              (no ring)

@: very slightly contaminated, slowed, very slow
A: talons 1, slimy green scales 1, nightstalker 1
a: no special abilities


You were on level 3 of the Dungeon.
You were not hungry.

You visited 1 branch of the dungeon, and saw 3 of its levels.

You collected 98 gold pieces.

Inventory:

Hand Weapons
 b - a +0 short sword
 h - a +0 whip
 m - a +0 falchion of freezing
 t - a +0 spear (weapon)
Armour
 a - a +0 robe
 g - a +0 helmet (worn)
 i - a +0 ring mail (worn)
 s - a +0 kite shield (worn)
Scrolls
 d - a scroll of teleportation
 f - 2 scrolls of remove curse {unknown}
 l - 7 scrolls of identify {unknown}
 n - a scroll of noise {unknown}
 o - a scroll of fog {unknown}
Potions
 e - 3 potions of curing {unknown}
 j - a potion of magic {unknown}
 k - 2 potions of haste {unknown}
 p - a potion of heal wounds {unknown}
 q - a potion of resistance {unknown}
 r - a potion of brilliance {unknown}
Comestibles
 c - 4 rations


   Skills:
 + Level 1.5 Fighting
 + Level 0.1(0.3) Short Blades
 + Level 0.3(0.4) Long Blades
 * Level 1.3 Armour
 + Level 1.9 Dodging
 - Level 1.7 Stealth
 * Level 0.2 Shields
 + Level 2.9 Spellcasting
 * Level 5.9 Necromancy


You had 5 spell levels left.
You knew the following spells:

 Your Spells              Type           Power        Failure   Level  Hunger
a - Pain                  Necr           ###.         28%         1    #......
b - Vampiric Draining     Necr           ###.......   65%         3    ###....

Your spell library contained the following spells:

 Spells                   Type           Power        Failure   Level  Hunger
 Animate Skeleton         Necr           N/A          28%         1    #......
 Animate Dead             Necr           N/A          96%         4    #####..
 Agony                    Necr           ###.....     100%        5    ######.


Dungeon Overview and Level Annotations

Branches:
Dungeon (3/15)

Altars:
Cheibriados
Makhleb
Nemelex Xobeh
Trog
Vehumet
Xom

Annotations:
D:2 1 runed translucent door, Crazy Yiuf
D:3 Natasha


Innate Abilities, Weirdness & Mutations

You have sharp toenails.
You are partially covered in slimy green scales. (AC +2)
You are slightly more attuned to the shadows.


Message History

You closely miss Natasha.
Natasha is heavily wounded.
You block Natasha's attack. Natasha closely misses you.
You hit Natasha.
Natasha is severely wounded.
You block Natasha's attack.
Natasha mumbles some strange words.
Natasha's front paws start to glow.
Natasha claws you but does no damage.
You closely miss Natasha.
Natasha is severely wounded.
Natasha casts a spell at you.
You feel as though you will be slow longer.
You completely miss Natasha. You claw Natasha.
Natasha is almost dead.
Natasha claws you.
* * * LOW HITPOINT WARNING * * *
Natasha casts a spell at you. The magic dart hits you.
You die...

####### ##≈≈#
######[....######≈≈≈#
##...≈.≈≈.≈.≈≈..#≈≈≈≈#
#..≈≈≈≈≈≈≈≈≈≈≈≈≈≈≈≈≈≈#
##≈≈≈≈≈≈.≈≈≈≈.≈≈≈≈≈≈≈≈#
#.≈≈≈≈≈≈≈≈≈≈≈.≈≈≈≈≈≈≈.#
.#≈≈≈≈≈≈)≈.≈≈..≈≈h≈≈..#
##≈≈≈≈#≈...≈....@.≈.≈##
#≈≈≈≈###.#..#########
#≈≈≈≈# #...## ##≈≈≈#
#.### ##≈## #.# #≈# #÷#
#########.# #.# #..#.#
#.# ##...#


You could see Natasha.

Vanquished Creatures
  Jessica (D:2)
  Natasha (twice) (D:3)
  4 adders (D:2)
  An ooze (D:2)
  3 dart slugs
  2 leopard geckos
  2 orcs (D:3)
  7 bats
  2 giant cockroaches
  3 goblins (D:2)
  6 hobgoblins
  5 kobolds
  2 quokkas
  A ball python (D:2)
  7 frilled lizards
  8 rats
56 creatures vanquished.

Notes
Turn   | Place    | Note
-------+----------+-------------------------------------------
     0 | D:1      | BeastOfSaturn the Demonspawn Necromancer began the quest
                  | for the Orb.
     0 | D:1      | Reached XP level 1. HP: 13/13 MP: 3/3
   349 | D:1      | Gained mutation: You have sharp toenails. [demonic
                  | ancestry]
   349 | D:1      | Reached XP level 2. HP: 14/19 MP: 3/5
  1116 | D:2      | Reached skill level 5 in Necromancy
  1116 | D:2      | Gained mutation: You are partially covered in slimy green
                  | scales. (AC +2) [demonic ancestry]
  1116 | D:2      | Reached XP level 3. HP: 19/24 MP: 1/6
  1832 | D:2      | Noticed Jessica
  1835 | D:2      | Killed Jessica
  1835 | D:2      | Reached skill level 1 in Fighting
  1835 | D:2      | Reached XP level 4. HP: 20/32 MP: 4/7
  1867 | D:2      | Reached skill level 1 in Armour
  2314 | D:2      | Found a runed translucent door.
  2315 | D:2      | Noticed Crazy Yiuf
  2796 | D:3      | Learned a level 3 spell: Vampiric Draining
  2855 | D:3      | Found a snail-covered altar of Cheibriados.
  2857 | D:3      | Found a shimmering altar of Xom.
  2859 | D:3      | Found a bloodstained altar of Trog.
  2859 | D:3      | Found a sparkling altar of Nemelex Xobeh.
  2859 | D:3      | Found a radiant altar of Vehumet.
  2859 | D:3      | Found a burning altar of Makhleb.
  2859 | D:3      | Noticed Natasha
  2869 | D:3      | Killed Natasha
  2869 | D:3      | Gained mutation: You are slightly more attuned to the
                  | shadows. [demonic ancestry]
  2869 | D:3      | Reached XP level 5. HP: 26/37 MP: 6/9
  2977 | D:3      | Noticed Natasha
  3182 | D:3      | Killed Natasha
  3275 | D:3      | Noticed Natasha
  3286 | D:3      | Killed from afar by Natasha

Levels and vault maps discovered:
D:1:      matt_arrival_spirals, layout_loops_ring
D:2:      wad_pebble_path, layout_basic, uniq_jessica, uniq_crazy_yiuf_cottage
D:3:      layout_rooms, grunt_temple_overflow_open, minmay_misc_feat_doors,
          chequers_serial_rivers_large_a, uniq_natasha

Skill      XL: |  1  2  3  4 |
---------------+-------------+-----
Necromancy     | 5 |  5.9
Fighting       | 1 |  1.5
Armour         | 1 |  1.3
Short Blades   | |  0.1
Long Blades    | |  0.3
Dodging        | |  1.9
Stealth        | |  1.7
Shields        | |  0.2
Spellcasting   | |  2.9

Action                   |  1- 3 |  4- 6 || total
-------------------------+-------+-------++-------
Melee: Short sword       |     9 |       ||     9
       Whip              |    13 |       ||    13
       Kick              |     6 |     7 ||    13
       Falchion          |    14 |    24 ||    38
       Spear             |       |    16 ||    16
 Cast: Pain              |    37 |    30 ||    67
  Use: Scroll            |       |     1 ||     1
 Stab: Sleeping          |     1 |       ||     1
  Eat: Ration            |     1 |     2 ||     3
Armor: Robe              |     1 |       ||     1
       Ring mail         |    12 |    34 ||    46
Dodge: Dodged            |    26 |    28 ||    54
Block: Kite shield       |       |     4 ||     4
       Rpst.: Falchion   |     2 |     8 ||    10

Table legend:
 A = Non-vault XP
 B = Vault XP
 C = Vault XP percentage of total XP
 D = Non-vault monster count
 E = Vault monster count
 F = Vault count percentage of total count
                 A         B        C        D         E       F
            +---------+---------+-------+---------+---------+-------
      Total |     183 |      73 |  28.5 |      54 |       2 |   3.6
            +---------+---------+-------+---------+---------+-------
        D:1 |      25 |       0 |   0.0 |      15 |       0 |   0.0
        D:2 |      92 |      37 |  28.7 |      23 |       1 |   4.2
        D:3 |      66 |      36 |  35.3 |      16 |       1 |   5.9
            +---------+---------+-------+---------+---------+-------
